Kings vs RedWings

Created - February-18-13 at 18:23

Goals
1 2 3 OT1 SO T
Kings 0 1 2 0 1 3
RedWings 0 3 0 0 2 4
Shots
1 2 3 OT1 SO T
Kings 9 3 7 1 5 20
RedWings 8 12 4 0 5 24

1st period

No Goal

Penalties :
Daymond Langkow (DET) for Hooking (Minor) at 4:18, Justin Faulk (LOS) for Roughing (Minor) at 14:38, Vyacheslav Voynov (LOS) for Roughing (Minor) at 18:17

2nd period

1. RedWings , Travis Zajac 3 (Keith Yandle, Eric Brewer) at 0:26
2. RedWings , Ray Whitney 16 (Joe Thornton) at 2:13
3. RedWings , Travis Zajac 4 (Jamie Langenbrunner, Pavel Kubina) at 4:26
4. Kings , Erik Condra 8 (Matt Taormina, Matt Duchene) at 16:35

Penalties :
Vyacheslav Voynov (LOS) for High sticking (Minor) at 8:14, Daymond Langkow (DET) for Holding (Minor) at 11:50

3rd period

5. Kings , Sean Bergenheim 14 (Brian Boyle, Michael Frolik) at 3:50
6. Kings , Antoine Vermette 10 (Luke Adam, Justin Faulk) at 12:59 (PP)

Penalties :
Eric Brewer (DET) for Boarding (Minor) at 0:32, Matt Taormina (LOS) for Roughing (Minor) at 4:22, Justin Faulk (LOS) for Tripping (Minor) at 4:35, Nate Thompson (DET) for Hooking (Minor) at 11:52

Overtime #1

No Goal

Penalties :
No Penalty

Shootout

Penalty Shot by Luke Adam for Kings - Goal!
Penalty Shot by Alexandre Burrows for RedWings - Stopped by Miikka Kiprusoff
Penalty Shot by Brian Boyle for Kings - Stopped by Roberto Luongo
Penalty Shot by Ray Whitney for RedWings - Goal!
Penalty Shot by Sean Bergenheim for Kings - Stopped by Roberto Luongo
Penalty Shot by Curtis Glencross for RedWings - Stopped by Miikka Kiprusoff
Penalty Shot by Matt Duchene for Kings - Stopped by Roberto Luongo
Penalty Shot by Travis Zajac for RedWings - Stopped by Miikka Kiprusoff
Penalty Shot by Antoine Vermette for Kings - Shot Misses the Net
Penalty Shot by Sergei Kostitsyn for RedWings - Goal!

Penalties :
No Penalty

Goalie Stats

Miikka Kiprusoff (LOS), 21 saves from 24 shots - (0.875), OTL, 22-23-10, 65:00 minutes
Roberto Luongo (DET), 17 saves from 20 shots - (0.850), W, 25-26-6, 65:00 minutes

Players Stats for Kings

Player Name              G  A  P  +/- PIM S  H  SB GA TA FO     MP     PP MP  PK MP  
------------------------------------------------------------------------------------
Antoine Vermette         1  0  1   0  0   3  3  0  0  0  17/35  26:31   2:58   3:20 
Brian Boyle              0  1  1   1  0   0  7  0  0  0  7/15   24:24   4:06   4:44 
Erik Condra              1  0  1   0  0   1  0  0  0  0  0/0    12:43   0:00   0:16 
Jamie McBain             0  0  0  -1  0   1  0  0  0  0  0/0    24:41   2:47   3:32 
Jarret Stoll             0  0  0   0  0   0  0  0  0  0  0/0     6:17   0:47   0:00 
Joe Corvo                0  0  0   0  0   0  0  0  0  0  0/0     1:40   0:00   1:40 
Jonathon Blum            0  0  0   0  0   0  2  0  0  0  0/0    16:34   0:00   3:03 
Justin Faulk             0  1  1  -1  4   1  1  1  0  0  0/0    23:00   2:47   1:52 
Luke Adam                0  1  1  -2  0   1  0  0  0  0  7/13   18:07   2:11   0:00 
Matt Duchene             0  1  1   0  0   1  0  0  0  0  0/0    19:39   4:06   1:37 
Matt Hendricks           0  0  0   0  0   0  0  0  0  0  4/5     5:30   0:00   0:00 
Matt Taormina            0  1  1   0  2   1  2  0  0  0  0/0    13:33   0:03   0:00 
Michael Frolik           0  1  1   1  0   2  0  0  0  0  0/0    16:50   4:06   0:00 
Ryan Johansen            0  0  0  -2  0   1  0  0  0  0  1/2    15:32   0:00   1:26 
Sean Bergenheim          1  0  1   1  0   6  0  0  0  0  2/6    19:28   2:06   3:09 
Sergei Gonchar           0  0  0   0  0   1  0  0  0  0  0/0    26:22   4:17   4:11 
Vyacheslav Voynov        0  0  0   0  4   1  4  1  0  0  0/0    24:05   4:14   1:59 
Wojtek Wolski            0  0  0  -2  0   0  1  0  0  0  2/2    15:04   0:52   0:00 

Players Stats for RedWings

Player Name              G  A  P  +/- PIM S  H  SB GA TA FO     MP     PP MP  PK MP  
------------------------------------------------------------------------------------
Alexandre Burrows        0  0  0   0  0   3  4  0  0  0  2/3    21:40   3:59   0:00 
Brian Campbell           0  0  0   1  0   0  0  0  0  0  0/0    27:44   4:24   3:42 
Chris Summers            0  0  0   0  0   0  1  0  0  0  0/0     4:11   0:00   0:00 
Curtis Glencross         0  0  0   0  0   0  3  0  0  0  0/0    25:13   3:54   2:26 
Daymond Langkow          0  0  0   0  4   0  2  0  0  0  11/20  20:45   4:15   0:44 
Eric Brewer              0  1  1   1  2   0  5  3  0  0  0/0    26:42   4:24   2:41 
Jamie Langenbrunner      0  1  1   1  0   0  2  0  0  0  0/0    15:47   0:16   0:00 
Jared Spurgeon           0  0  0   0  0   0  0  2  0  0  0/0    10:55   0:00   0:45 
Joe Thornton             0  1  1   0  0   7  1  0  0  0  14/22  20:25   3:54   1:08 
Keith Yandle             0  1  1   0  0   1  1  0  0  0  0/0    22:55   3:45   3:22 
Mark Fraser              0  0  0   0  0   0  0  0  0  0  0/0     4:27   0:00   0:16 
Nate Thompson            0  0  0   1  2   0  2  0  0  0  5/15   19:48   0:00   3:34 
Paul Martin              0  0  0   0  0   2  2  0  0  0  0/0    22:55   3:45   3:22 
Pavel Kubina             0  1  1   0  0   1  4  0  0  0  0/0    10:10   0:00   0:00 
Ray Whitney              1  0  1   0  0   3  0  1  0  0  2/2    19:22   3:59   0:00 
Ryan Whitney             0  0  0   0  0   0  0  0  0  0  0/0     0:00   0:00   0:00 
Sergei Kostitsyn         0  0  0   0  0   3  0  0  0  0  1/3    24:20   3:54   4:38 
Travis Zajac             2  0  2   1  0   4  0  0  0  0  3/13   15:33   0:16   1:38 

3 Stars

1 - Travis Zajac (DET)
2 - Brian Boyle (LOS)
3 - Antoine Vermette (LOS)

Power Play

Kings - 1 on 4 Attempt(s) - 25.00%
RedWings - 0 on 5 Attempt(s) - 0.00%

Penalty Kill

Kings - 5 on 5 Attempt(s) - 100.00% - Score 0 goal in Penalty Kill
RedWings - 3 on 4 Attempt(s) - 75.00% - Score 0 goal in Penalty Kill

Official

Referees : Gord Dwyer and Matt MacPherson
Linesman : Andy McElman and Tim Nowak

Game Notes

No Game Note

Finance

Level 1 -- Attendance: 6107 (93.95%) -- Ticket Income $458,025
Level 2 -- Attendance: 5000 (100.00%) -- Ticket Income $250,000
Level 3 -- Attendance: 3500 (100.00%) -- Ticket Income $105,000
Level 4 -- Attendance: 3107 (76.41%) -- Ticket Income $62,140
Luxury Box -- Attendance: 1000 (100.00%) -- Ticket Income $150,000
Game was played at the Joe Louis Arena
Total Attendance: 18714 (93.26%)
Total Ticket Income: $1,025,165
Other Income: $153,775
Total Income: $1,178,940


% Time on Ice - Kings

Lines # - Real PCT - Wanted PCT - Time Play
Normal Forward
1 - 28% - 40% - 12:27
2 - 28% - 30% - 12:44
3 - 31% - 20% - 14:06
4 - 12% - 10% - 5:30
Normal Defense
1 - 35% - 40% - 15:44
2 - 35% - 30% - 15:32
3 - 30% - 20% - 13:31
4 - 0% - 10% - 0:00
PP Forward
1 - 42% - 60% - 2:58
2 - 58% - 40% - 4:06
PP Defense
1 - 61% - 60% - 4:17
2 - 39% - 40% - 2:47
PK Forward
1 - 75% - 60% - 4:46
2 - 25% - 40% - 1:37
PK Defense
1 - 58% - 60% - 3:43
2 - 42% - 40% - 2:40
PK3 Forward
1 - 87% - 60% - 1:32
2 - 13% - 40% - 0:14
PK3 Defense
1 - 36% - 60% - 0:38
2 - 64% - 40% - 1:08
44 Forward
1 - 70% - 60% - 3:31
2 - 30% - 40% - 1:29
44 Defense
1 - 43% - 60% - 2:10
2 - 57% - 40% - 2:50
Last Minute Offensive  - 0:00
Last Minute Defensive  - 0:00
Total
Forward - 65:00
Defense - 65:00

% Time on Ice - RedWings

Lines # - Real PCT - Wanted PCT - Time Play
Normal Forward
1 - 35% - 40% - 15:48
2 - 34% - 30% - 15:23
3 - 29% - 20% - 12:52
4 - 2% - 10% - 0:44
Normal Defense
1 - 38% - 40% - 16:59
2 - 30% - 30% - 13:27
3 - 23% - 20% - 10:10
4 - 9% - 10% - 4:11
PP Forward
1 - 52% - 60% - 4:15
2 - 48% - 40% - 3:54
PP Defense
1 - 54% - 60% - 4:24
2 - 46% - 40% - 3:45
PK Forward
1 - 77% - 60% - 5:26
2 - 23% - 40% - 1:38
PK Defense
1 - 52% - 60% - 3:42
2 - 48% - 40% - 3:22
PK3 Forward
1 - 0% - 60%
2 - 0% - 40%
PK3 Defense
1 - 0% - 60%
2 - 0% - 40%
44 Forward
1 - 69% - 60% - 3:26
2 - 31% - 40% - 1:34
44 Defense
1 - 53% - 60% - 2:39
2 - 47% - 40% - 2:21
Last Minute Offensive  - 0:00
Last Minute Defensive  - 0:00
Total
Forward - 65:00
Defense - 65:00

Play by Play

1st period


0:01 of 1st period - Antoine Vermette wins face-off versus Sergei Kostitsyn in neutral zone.
0:07 of 1st period - Erik Condra is hit by Eric Brewer.
0:40 of 1st period - Icing by Sergei Gonchar.
0:41 of 1st period - Antoine Vermette wins face-off versus Joe Thornton in Kings zone.
0:41 of 1st period - Antoine Vermette is hit by Alexandre Burrows.
0:52 of 1st period - Shot by Antoine Vermette.
0:52 of 1st period - Stopped by Roberto Luongo without a rebound.
0:53 of 1st period - Brian Boyle wins face-off versus Travis Zajac in RedWings zone.
1:18 of 1st period - Shot by Sean Bergenheim.
1:18 of 1st period - Stopped by Roberto Luongo without a rebound.
1:19 of 1st period - Luke Adam wins face-off versus Joe Thornton in RedWings zone.
1:19 of 1st period - Luke Adam is hit by Paul Martin.
1:53 of 1st period - Icing by Ryan Johansen.
1:54 of 1st period - Luke Adam wins face-off versus Daymond Langkow in Kings zone.
1:54 of 1st period - Wojtek Wolski is hit by Curtis Glencross and loses puck.
2:34 of 1st period - Shot by Sergei Kostitsyn.
2:34 of 1st period - Shot Misses the Net.
4:18 of 1st period - Minor Penalty to Daymond Langkow for Hooking.
4:19 of 1st period - Antoine Vermette wins face-off versus Nate Thompson in RedWings zone.
4:20 of 1st period - Shot by Vyacheslav Voynov.
4:20 of 1st period - Stopped by Roberto Luongo without a rebound.
4:21 of 1st period - Nate Thompson wins face-off versus Antoine Vermette in RedWings zone.
5:20 of 1st period - Shot by Justin Faulk.
5:20 of 1st period - Shot Hit the Post.
5:22 of 1st period - Shot by Michael Frolik.
5:22 of 1st period - Stopped by Roberto Luongo without a rebound.
5:23 of 1st period - Brian Boyle wins face-off versus Nate Thompson in RedWings zone.
6:12 of 1st period - Shot by Sergei Gonchar.
6:12 of 1st period - Shot Misses the Net.
6:14 of 1st period - Shot by Sergei Gonchar.
6:14 of 1st period - Stopped by Roberto Luongo without a rebound.
6:15 of 1st period - Luke Adam wins face-off versus Travis Zajac in RedWings zone.
6:32 of 1st period - Icing by Luke Adam.
6:33 of 1st period - Joe Thornton wins face-off versus Luke Adam in Kings zone.
6:35 of 1st period - Alexandre Burrows is hit by Matt Taormina and loses puck.
6:44 of 1st period - Shot by Ryan Johansen.
6:44 of 1st period - Stopped by Roberto Luongo without a rebound.
6:45 of 1st period - Daymond Langkow wins face-off versus Antoine Vermette in RedWings zone.
8:39 of 1st period - Shot by Joe Thornton.
8:39 of 1st period - Shot Misses the Net.
8:44 of 1st period - Justin Faulk is hit by Pavel Kubina and loses puck.
9:39 of 1st period - Icing by Jonathon Blum.
9:40 of 1st period - Luke Adam wins face-off versus Travis Zajac in Kings zone.
9:58 of 1st period - Icing by Vyacheslav Voynov.
9:59 of 1st period - Matt Hendricks wins face-off versus Daymond Langkow in Kings zone.
9:59 of 1st period - Matt Hendricks is hit by Curtis Glencross.
10:18 of 1st period - Shot by Antoine Vermette.
10:18 of 1st period - Shot Misses the Net.
10:20 of 1st period - Shot by Jarret Stoll.
10:20 of 1st period - Shot Blocked by Eric Brewer.
10:53 of 1st period - Shot by Michael Frolik.
10:53 of 1st period - Shot Misses the Net.
11:47 of 1st period - Shot by Joe Thornton.
11:47 of 1st period - Stopped by Miikka Kiprusoff with a rebound.
11:49 of 1st period - Shot by Ray Whitney.
11:49 of 1st period - Stopped by Miikka Kiprusoff without a rebound.
11:50 of 1st period - Wojtek Wolski wins face-off versus Nate Thompson in Kings zone.
11:50 of 1st period - Wojtek Wolski is hit by Jamie Langenbrunner.
12:42 of 1st period - Icing by Jonathon Blum.
12:43 of 1st period - Luke Adam wins face-off versus Joe Thornton in Kings zone.
12:43 of 1st period - Luke Adam is hit by Alexandre Burrows.
13:23 of 1st period - Vyacheslav Voynov is hit by Eric Brewer and loses puck.
13:37 of 1st period - Vyacheslav Voynov is hit by Eric Brewer and loses puck.
13:49 of 1st period - Eric Brewer is hit by Brian Boyle and loses puck.
14:05 of 1st period - Icing by Curtis Glencross.
14:06 of 1st period - Matt Hendricks wins face-off versus Daymond Langkow in RedWings zone.
14:38 of 1st period - Minor Penalty to Justin Faulk for Roughing.
14:39 of 1st period - Ryan Johansen wins face-off versus Joe Thornton in Kings zone.
14:59 of 1st period - Icing by Curtis Glencross.
15:00 of 1st period - Antoine Vermette wins face-off versus Joe Thornton in RedWings zone.
16:21 of 1st period - Antoine Vermette is hit by Joe Thornton and loses puck.
16:28 of 1st period - Shot by Joe Thornton.
16:28 of 1st period - Deflect By Sergei Kostitsyn.
16:28 of 1st period - Stopped by Miikka Kiprusoff without a rebound.
16:29 of 1st period - Joe Thornton wins face-off versus Antoine Vermette in Kings zone.
16:38 of 1st period - Shot by Joe Thornton.
16:38 of 1st period - Deflect By Jamie Langenbrunner.
16:38 of 1st period - Shot Misses the Net.
16:40 of 1st period - Shot by Travis Zajac.
16:40 of 1st period - Stopped by Miikka Kiprusoff without a rebound.
16:41 of 1st period - Luke Adam wins face-off versus Travis Zajac in Kings zone.
17:34 of 1st period - Shot by Matt Duchene.
17:34 of 1st period - Stopped by Roberto Luongo without a rebound.
17:35 of 1st period - Brian Boyle wins face-off versus Daymond Langkow in RedWings zone.
17:36 of 1st period - Shot by Michael Frolik.
17:36 of 1st period - Stopped by Roberto Luongo with a rebound.
17:52 of 1st period - Shot by Brian Boyle.
17:52 of 1st period - Deflect By Michael Frolik.
17:52 of 1st period - Shot Misses the Net.
17:54 of 1st period - Shot by Sean Bergenheim.
17:54 of 1st period - Shot Blocked by Eric Brewer.
18:00 of 1st period - Shot by Sean Bergenheim.
18:00 of 1st period - Stopped by Roberto Luongo without a rebound.
18:01 of 1st period - Joe Thornton wins face-off versus Antoine Vermette in RedWings zone.
18:16 of 1st period - Shot by Ray Whitney.
18:16 of 1st period - Deflect By Joe Thornton.
18:16 of 1st period - Stopped by Miikka Kiprusoff without a rebound.
18:17 of 1st period - Daymond Langkow wins face-off versus Luke Adam in Kings zone.
18:17 of 1st period - Minor Penalty to Vyacheslav Voynov for Roughing.
18:18 of 1st period - Antoine Vermette wins face-off versus Alexandre Burrows in Kings zone.
18:59 of 1st period - Shot by Alexandre Burrows.
18:59 of 1st period - Stopped by Miikka Kiprusoff without a rebound.
19:00 of 1st period - Sean Bergenheim wins face-off versus Joe Thornton in Kings zone.
19:13 of 1st period - Shot by Sergei Kostitsyn.
19:13 of 1st period - Shot Misses the Net.
19:15 of 1st period - Shot by Paul Martin.
19:15 of 1st period - Stopped by Miikka Kiprusoff without a rebound.
19:16 of 1st period - Joe Thornton wins face-off versus Sean Bergenheim in Kings zone.
19:33 of 1st period - Shot by Curtis Glencross.
19:33 of 1st period - Shot Misses the Net.
19:49 of 1st period - Shot by Curtis Glencross.
19:49 of 1st period - Deflect By Joe Thornton.
19:49 of 1st period - Stopped by Miikka Kiprusoff without a rebound.
19:50 of 1st period - Antoine Vermette wins face-off versus Daymond Langkow in Kings zone.

2nd period


0:01 of 2nd period - Antoine Vermette wins face-off versus Daymond Langkow in neutral zone.
0:12 of 2nd period - Sergei Gonchar is hit by Alexandre Burrows.
0:26 of 2nd period - Shot by Travis Zajac.
0:26 of 2nd period - Goal by Travis Zajac - Kings : 0 - RedWings : 1.
0:27 of 2nd period - Daymond Langkow wins face-off versus Antoine Vermette in neutral zone.
0:41 of 2nd period - Icing by Paul Martin.
0:42 of 2nd period - Daymond Langkow wins face-off versus Brian Boyle in RedWings zone.
1:15 of 2nd period - Shot by Sergei Kostitsyn.
1:15 of 2nd period - Shot Misses the Net.
1:23 of 2nd period - Paul Martin is hit by Brian Boyle and loses puck.
1:33 of 2nd period - Paul Martin is hit by Vyacheslav Voynov and loses puck.
1:52 of 2nd period - Shot by Joe Thornton.
1:52 of 2nd period - Stopped by Miikka Kiprusoff without a rebound.
1:53 of 2nd period - Wojtek Wolski wins face-off versus Travis Zajac in Kings zone.
2:07 of 2nd period - Shot by Travis Zajac.
2:07 of 2nd period - Stopped by Miikka Kiprusoff without a rebound.
2:08 of 2nd period - Joe Thornton wins face-off versus Antoine Vermette in Kings zone.
2:13 of 2nd period - Shot by Ray Whitney.
2:13 of 2nd period - Goal by Ray Whitney - Kings : 0 - RedWings : 2.
2:14 of 2nd period - Antoine Vermette wins face-off versus Joe Thornton in neutral zone.
2:19 of 2nd period - Brian Campbell is hit by Antoine Vermette and loses puck.
2:30 of 2nd period - Alexandre Burrows is hit by Antoine Vermette and loses puck.
3:00 of 2nd period - Antoine Vermette is hit by Eric Brewer and loses puck.
3:06 of 2nd period - Off-side.
3:07 of 2nd period - Daymond Langkow wins face-off versus Brian Boyle in neutral zone.
3:20 of 2nd period - Curtis Glencross is hit by Brian Boyle and loses puck.
3:27 of 2nd period - Shot by Michael Frolik.
3:27 of 2nd period - Deflect By Sean Bergenheim.
3:27 of 2nd period - Stopped by Roberto Luongo with a rebound.
3:39 of 2nd period - Shot by Brian Boyle.
3:39 of 2nd period - Shot Misses the Net.
4:26 of 2nd period - Shot by Travis Zajac.
4:26 of 2nd period - Goal by Travis Zajac - Kings : 0 - RedWings : 3.
4:27 of 2nd period - Joe Thornton wins face-off versus Antoine Vermette in neutral zone.
4:34 of 2nd period - Shot by Alexandre Burrows.
4:34 of 2nd period - Stopped by Miikka Kiprusoff without a rebound.
4:35 of 2nd period - Antoine Vermette wins face-off versus Joe Thornton in Kings zone.
4:50 of 2nd period - Shot by Joe Thornton.
4:50 of 2nd period - Shot Hit the Post.
4:59 of 2nd period - Ray Whitney is hit by Vyacheslav Voynov and loses puck.
5:12 of 2nd period - Shot by Joe Thornton.
5:12 of 2nd period - Stopped by Miikka Kiprusoff with a rebound.
5:22 of 2nd period - Shot by Joe Thornton.
5:22 of 2nd period - Stopped by Miikka Kiprusoff with a rebound.
5:37 of 2nd period - Icing by Keith Yandle.
5:38 of 2nd period - Brian Boyle wins face-off versus Sergei Kostitsyn in RedWings zone.
6:59 of 2nd period - Shot by Travis Zajac.
6:59 of 2nd period - Shot Misses the Net.
7:01 of 2nd period - Shot by Pavel Kubina.
7:01 of 2nd period - Stopped by Miikka Kiprusoff with a rebound.
8:09 of 2nd period - Shot by Ray Whitney.
8:09 of 2nd period - Shot Misses the Net.
8:14 of 2nd period - Minor Penalty to Vyacheslav Voynov for High sticking.
8:15 of 2nd period - Joe Thornton wins face-off versus Ryan Johansen in Kings zone.
9:17 of 2nd period - Jonathon Blum is hit by Daymond Langkow and loses puck.
9:42 of 2nd period - Shot by Ray Whitney.
9:42 of 2nd period - Stopped by Miikka Kiprusoff without a rebound.
9:43 of 2nd period - Joe Thornton wins face-off versus Antoine Vermette in Kings zone.
9:52 of 2nd period - Shot by Keith Yandle.
9:52 of 2nd period - Stopped by Miikka Kiprusoff without a rebound.
9:53 of 2nd period - Daymond Langkow wins face-off versus Sean Bergenheim in Kings zone.
11:07 of 2nd period - Icing by Wojtek Wolski.
11:08 of 2nd period - Joe Thornton wins face-off versus Luke Adam in Kings zone.
11:47 of 2nd period - Shot by Alexandre Burrows.
11:47 of 2nd period - Stopped by Miikka Kiprusoff without a rebound.
11:48 of 2nd period - Antoine Vermette wins face-off versus Daymond Langkow in Kings zone.
11:48 of 2nd period - Sergei Gonchar is hit by Curtis Glencross and loses puck.
11:50 of 2nd period - Minor Penalty to Daymond Langkow for Holding.
11:51 of 2nd period - Nate Thompson wins face-off versus Brian Boyle in RedWings zone.
11:51 of 2nd period - Nate Thompson is hit by Brian Boyle.
12:21 of 2nd period - Shot by Sergei Gonchar.
12:21 of 2nd period - Shot Misses the Net.
12:23 of 2nd period - Shot by Sergei Gonchar.
12:23 of 2nd period - Shot Misses the Net.
12:25 of 2nd period - Shot by Matt Duchene.
12:25 of 2nd period - Shot Misses the Net.
12:49 of 2nd period - Shot by Justin Faulk.
12:49 of 2nd period - Shot Misses the Net.
12:51 of 2nd period - Shot by Justin Faulk.
12:51 of 2nd period - Shot Misses the Net.
13:34 of 2nd period - Shot by Vyacheslav Voynov.
13:34 of 2nd period - Shot Blocked by Eric Brewer.
13:59 of 2nd period - Icing by Matt Taormina.
14:00 of 2nd period - Matt Hendricks wins face-off versus Nate Thompson in Kings zone.
14:32 of 2nd period - Icing by Matt Taormina.
14:33 of 2nd period - Joe Thornton wins face-off versus Matt Hendricks in Kings zone.
15:46 of 2nd period - Eric Brewer is hit by Brian Boyle.
16:17 of 2nd period - Sergei Kostitsyn is hit by Vyacheslav Voynov and loses puck.
16:27 of 2nd period - Off-side.
16:28 of 2nd period - Antoine Vermette wins face-off versus Travis Zajac in neutral zone.
16:35 of 2nd period - Shot by Erik Condra.
16:35 of 2nd period - Goal by Erik Condra - Kings : 1 - RedWings : 3.
16:36 of 2nd period - Travis Zajac wins face-off versus Antoine Vermette in neutral zone.
16:41 of 2nd period - Erik Condra is hit by Nate Thompson.
16:55 of 2nd period - Erik Condra is hit by Keith Yandle and loses puck.
17:25 of 2nd period - Luke Adam is hit by Paul Martin and loses puck.
17:28 of 2nd period - Shot by Jamie McBain.
17:28 of 2nd period - Stopped by Roberto Luongo without a rebound.
17:29 of 2nd period - Daymond Langkow wins face-off versus Brian Boyle in RedWings zone.
17:36 of 2nd period - Eric Brewer is hit by Brian Boyle and loses puck.
18:02 of 2nd period - Eric Brewer is hit by Vyacheslav Voynov and loses puck.
18:40 of 2nd period - Ryan Johansen is hit by Daymond Langkow and loses puck.
19:17 of 2nd period - Keith Yandle is hit by Antoine Vermette and loses puck.

3rd period


0:01 of 3rd period - Daymond Langkow wins face-off versus Antoine Vermette in neutral zone.
0:25 of 3rd period - Antoine Vermette is hit by Eric Brewer.
0:32 of 3rd period - Minor Penalty to Eric Brewer for Boarding.
0:33 of 3rd period - Nate Thompson wins face-off versus Antoine Vermette in RedWings zone.
0:56 of 3rd period - Shot by Sean Bergenheim.
0:56 of 3rd period - Stopped by Roberto Luongo without a rebound.
0:57 of 3rd period - Nate Thompson wins face-off versus Brian Boyle in RedWings zone.
1:06 of 3rd period - Shot by Sergei Gonchar.
1:06 of 3rd period - Shot Hit the Post.
1:33 of 3rd period - Shot by Vyacheslav Voynov.
1:33 of 3rd period - Deflect By Matt Duchene.
1:33 of 3rd period - Shot Blocked by Jared Spurgeon.
2:11 of 3rd period - Shot by Nate Thompson.
2:11 of 3rd period - Deflect By Sergei Kostitsyn.
2:11 of 3rd period - Shot Blocked by Vyacheslav Voynov.
2:13 of 3rd period - Shot by Sergei Kostitsyn.
2:13 of 3rd period - Stopped by Miikka Kiprusoff without a rebound.
2:14 of 3rd period - Antoine Vermette wins face-off versus Travis Zajac in Kings zone.
2:20 of 3rd period - Off-side.
2:21 of 3rd period - Antoine Vermette wins face-off versus Nate Thompson in neutral zone.
2:30 of 3rd period - Shot by Justin Faulk.
2:30 of 3rd period - Stopped by Roberto Luongo without a rebound.
2:31 of 3rd period - Antoine Vermette wins face-off versus Nate Thompson in RedWings zone.
2:56 of 3rd period - Antoine Vermette is hit by Pavel Kubina and loses puck.
3:30 of 3rd period - Icing by Pavel Kubina.
3:31 of 3rd period - Joe Thornton wins face-off versus Brian Boyle in RedWings zone.
3:46 of 3rd period - Shot by Michael Frolik.
3:46 of 3rd period - Deflect By Brian Boyle.
3:46 of 3rd period - Shot Blocked by Jared Spurgeon.
3:48 of 3rd period - Shot by Brian Boyle.
3:48 of 3rd period - Shot Misses the Net.
3:50 of 3rd period - Shot by Sean Bergenheim.
3:50 of 3rd period - Goal by Sean Bergenheim - Kings : 2 - RedWings : 3.
3:51 of 3rd period - Luke Adam wins face-off versus Daymond Langkow in neutral zone.
4:01 of 3rd period - Eric Brewer is hit by Matt Taormina.
4:06 of 3rd period - Curtis Glencross is hit by Jonathon Blum and loses puck.
4:22 of 3rd period - Minor Penalty to Matt Taormina for Roughing.
4:23 of 3rd period - Joe Thornton wins face-off versus Antoine Vermette in Kings zone.
4:35 of 3rd period - Minor Penalty to Justin Faulk for Tripping.
4:36 of 3rd period - Ray Whitney wins face-off versus Sean Bergenheim in Kings zone.
5:01 of 3rd period - Sergei Gonchar is hit by Alexandre Burrows.
6:49 of 3rd period - Off-side.
6:50 of 3rd period - Nate Thompson wins face-off versus Antoine Vermette in neutral zone.
7:00 of 3rd period - Icing by Vyacheslav Voynov.
7:01 of 3rd period - Antoine Vermette wins face-off versus Travis Zajac in Kings zone.
7:05 of 3rd period - Vyacheslav Voynov is hit by Chris Summers and loses puck.
7:49 of 3rd period - Icing by Antoine Vermette.
7:50 of 3rd period - Daymond Langkow wins face-off versus Antoine Vermette in Kings zone.
8:59 of 3rd period - Shot by Paul Martin.
8:59 of 3rd period - Stopped by Miikka Kiprusoff without a rebound.
9:00 of 3rd period - Brian Boyle wins face-off versus Nate Thompson in Kings zone.
9:11 of 3rd period - Sean Bergenheim is hit by Pavel Kubina and loses puck.
9:17 of 3rd period - Shot by Matt Taormina.
9:17 of 3rd period - Stopped by Roberto Luongo with a rebound.
9:33 of 3rd period - Shot by Michael Frolik.
9:33 of 3rd period - Shot Misses the Net.
9:35 of 3rd period - Shot by Michael Frolik.
9:35 of 3rd period - Shot Misses the Net.
11:35 of 3rd period - Shot by Sergei Kostitsyn.
11:35 of 3rd period - Shot Misses the Net.
11:52 of 3rd period - Minor Penalty to Nate Thompson for Hooking.
11:53 of 3rd period - Daymond Langkow wins face-off versus Brian Boyle in RedWings zone.
11:53 of 3rd period - Daymond Langkow is hit by Brian Boyle.
12:00 of 3rd period - Icing by Michael Frolik.
12:01 of 3rd period - Daymond Langkow wins face-off versus Brian Boyle in Kings zone.
12:42 of 3rd period - Icing by Antoine Vermette.
12:43 of 3rd period - Sergei Kostitsyn wins face-off versus Antoine Vermette in Kings zone.
12:43 of 3rd period - Sergei Kostitsyn is hit by Justin Faulk.
12:55 of 3rd period - Shot by Luke Adam.
12:55 of 3rd period - Stopped by Roberto Luongo with a rebound.
12:59 of 3rd period - Shot by Antoine Vermette.
12:59 of 3rd period - Goal by Antoine Vermette - Kings : 3 - RedWings : 3.
13:00 of 3rd period - Joe Thornton wins face-off versus Antoine Vermette in neutral zone.
13:29 of 3rd period - Shot by Alexandre Burrows.
13:29 of 3rd period - Deflect By Joe Thornton.
13:29 of 3rd period - Stopped by Miikka Kiprusoff with a rebound.
13:32 of 3rd period - Icing by Matt Taormina.
13:33 of 3rd period - Antoine Vermette wins face-off versus Travis Zajac in Kings zone.
13:33 of 3rd period - Antoine Vermette is hit by Nate Thompson.
13:43 of 3rd period - Shot by Antoine Vermette.
13:43 of 3rd period - Stopped by Roberto Luongo without a rebound.
13:44 of 3rd period - Brian Boyle wins face-off versus Travis Zajac in RedWings zone.
15:07 of 3rd period - Shot by Sergei Kostitsyn.
15:07 of 3rd period - Stopped by Miikka Kiprusoff without a rebound.
15:08 of 3rd period - Joe Thornton wins face-off versus Antoine Vermette in Kings zone.
15:09 of 3rd period - Shot by Ray Whitney.
15:09 of 3rd period - Shot Misses the Net.
15:18 of 3rd period - Sergei Gonchar is hit by Pavel Kubina and loses puck.
15:23 of 3rd period - Shot by Vyacheslav Voynov.
15:23 of 3rd period - Shot Blocked by Ray Whitney.
15:43 of 3rd period - Shot by Alexandre Burrows.
15:43 of 3rd period - Shot Misses the Net.
16:29 of 3rd period - Daymond Langkow is hit by Wojtek Wolski and loses puck.
16:33 of 3rd period - Icing by Curtis Glencross.
16:34 of 3rd period - Matt Hendricks wins face-off versus Daymond Langkow in RedWings zone.
18:10 of 3rd period - Shot by Matt Taormina.
18:10 of 3rd period - Shot Misses the Net.
18:31 of 3rd period - Keith Yandle is hit by Jonathon Blum and loses puck.
19:47 of 3rd period - Icing by Jamie McBain.
19:48 of 3rd period - Ray Whitney wins face-off versus Luke Adam in Kings zone.

Overtime #1


0:01 of 1st overtime period - Antoine Vermette wins face-off versus Nate Thompson in neutral zone.
0:01 of 1st overtime period - Sergei Gonchar is hit by Jamie Langenbrunner and loses puck.
1:07 of 1st overtime period - Icing by Keith Yandle.
1:08 of 1st overtime period - Alexandre Burrows wins face-off versus Sean Bergenheim in RedWings zone.
2:43 of 1st overtime period - Icing by Keith Yandle.
2:44 of 1st overtime period - Travis Zajac wins face-off versus Luke Adam in RedWings zone.
2:46 of 1st overtime period - Icing by Keith Yandle.
2:47 of 1st overtime period - Travis Zajac wins face-off versus Antoine Vermette in RedWings zone.
3:24 of 1st overtime period - Icing by Jamie Langenbrunner.
3:25 of 1st overtime period - Sean Bergenheim wins face-off versus Nate Thompson in RedWings zone.
3:50 of 1st overtime period - Shot by Sean Bergenheim.
3:50 of 1st overtime period - Stopped by Roberto Luongo without a rebound.
3:51 of 1st overtime period - Brian Boyle wins face-off versus Nate Thompson in RedWings zone.
4:44 of 1st overtime period - Icing by Justin Faulk.
4:45 of 1st overtime period - Alexandre Burrows wins face-off versus Luke Adam in Kings zone.
4:58 of 1st overtime period - Shot by Curtis Glencross.
4:58 of 1st overtime period - Shot Blocked by Justin Faulk.

ShootOut


5:00 of 1st overtime period - Penalty Shot by Luke Adam for Kings.
5:00 of 1st overtime period - Goal by Luke Adam.
5:00 of 1st overtime period - Penalty Shot by Alexandre Burrows for RedWings.
5:00 of 1st overtime period - Stopped by Miikka Kiprusoff.
5:00 of 1st overtime period - Penalty Shot by Brian Boyle for Kings.
5:00 of 1st overtime period - Stopped by Roberto Luongo.
5:00 of 1st overtime period - Penalty Shot by Ray Whitney for RedWings.
5:00 of 1st overtime period - Goal by Ray Whitney.
5:00 of 1st overtime period - Penalty Shot by Sean Bergenheim for Kings.
5:00 of 1st overtime period - Stopped by Roberto Luongo.
5:00 of 1st overtime period - Penalty Shot by Curtis Glencross for RedWings.
5:00 of 1st overtime period - Stopped by Miikka Kiprusoff.
5:00 of 1st overtime period - Penalty Shot by Matt Duchene for Kings.
5:00 of 1st overtime period - Stopped by Roberto Luongo.
5:00 of 1st overtime period - Penalty Shot by Travis Zajac for RedWings.
5:00 of 1st overtime period - Stopped by Miikka Kiprusoff.
5:00 of 1st overtime period - Penalty Shot by Antoine Vermette for Kings.
5:00 of 1st overtime period - Shot Misses the Net.
5:00 of 1st overtime period - Penalty Shot by Sergei Kostitsyn for RedWings.
5:00 of 1st overtime period - Goal by Sergei Kostitsyn.


Output by the SimonT Hockey Simulator (STHS) for Stephane Roy -- Original Page W3C XHTML 1.0 Valid
Hockey Simulator - Hockey Simulation - Hockey Manager